 Dungeon Crawl Stone Soup version 0.28-a0-724-g66f9036eb4 (webtiles) character file.

Game seed: 10457867533993688930

7 flotson the Sneak (level 1, -14/18 HPs)
             Began as a Demonspawn Delver on Oct 26, 2021.
             Demolished by a mummy (16 damage)
             ... in an ossuary.
             The game lasted 00:01:24 (423 turns).

flotson the Sneak (Demonspawn Delver)                Turns: 423, Time: 00:01:25

Health: -14/18     AC:  3    Str: 12    XL:     1   Next: 91%
Magic:  1/1        EV: 12    Int: 11    God:
Gold:   15         SH:  0    Dex: 14    Spells: 0/0 levels left

rFire   . . .      SeeInvis .   a - +0 hand axe
rCold   . . .      Faith    .   (no shield)
rNeg    . . .      Spirit   .   b - +0 leather armour
rPois   .          Reflect  .   (no helmet)
rElec   .          Harm     .   (no cloak)
rCorr   .          Rampage  .   (no gloves)
Will    .....                   (no boots)
Stlth   ++........              (no amulet)
HPRegen 0.06/turn               (no ring)
MPRegen 0.07/turn               (no ring)

@: hasted, very quick
A: no striking features
a: no special abilities


You were in an ossuary.
You visited 1 branch of the dungeon, and saw 1 of its levels.
You also visited: Ossuary.

You collected 15 gold pieces.

Inventory:

Hand Weapons
 a - a +0 hand axe (weapon)
Missiles
 h - 2 boomerangs (quivered)
Armour
 b - a +0 leather armour (worn)
Wands
 g - a wand of digging (3)
Scrolls
 c - a scroll of fog
 e - a scroll of fear
Potions
 i - a potion of curing {unknown}


   Skills:
 + Level 3.1 Fighting
 + Level 2.0 Axes
 + Level 0.4 Armour
 + Level 2.0 Dodging
 - Level 4.5 Stealth


You couldn't memorise any spells.
You didn't know any spells.
Your spell library was empty.

Dungeon Overview and Level Annotations

Branches:
Dungeon (5/15)            Ossuary (1/1)
 Temple: D:4-7

Altars:


Message History

You destroy the orc skeleton!
Your Axes skill increases to level 2!
Your Dodging skill increases to level 2!
No target in view!
No target in view!
No target in view!
No target in view!
No target in view!
You open the door.
A mummy comes into view.
Found a potion of haste.
There is an open door here.
The helpless mummy fails to defend itself.
You hit the mummy.
The mummy is lightly damaged.
The mummy closely misses you.
You barely miss the mummy.
The mummy is lightly damaged.
The mummy closely misses you.
You barely miss the mummy.
The mummy is lightly damaged.
The mummy hits you!
Ouch! That really hurt!
* * * LOW HITPOINT WARNING * * *
You are too injured to fight recklessly!
You are too injured to fight recklessly!
You are too injured to fight recklessly!
You are too injured to fight recklessly!
You are too injured to fight recklessly!
You are too injured to fight recklessly!
You are too injured to fight recklessly!
You feel yourself speed up.
Okay, then.
You hit the mummy.
The mummy is moderately damaged.
You hit the mummy.
The mummy is heavily damaged.
The mummy hits you!
Ouch! That really hurt!
You die...

##+##
####...##
##.'@M!..+
##..##...##
#..####+##
#.## #.#
### ##'##
#∩###...#
#..'....+
#∩###...#


You could see a mummy.

Vanquished Creatures
  3 orcs (D:5)
  A goblin skeleton (Ossuary)
  An orc skeleton (Ossuary)
5 creatures vanquished.

Notes
Turn   | Place    | Note
-------+----------+-------------------------------------------
     0 | D:5      | flotson the Demonspawn Delver began the quest for the Orb.
     0 | D:5      | Reached XP level 1. HP: 18/18 MP: 1/1
    32 | D:5      | Noticed a hound
   383 | D:5      | Found a sand-covered staircase.
   392 | Ossuary  | Entered an ossuary
   423 | Ossuary  | Demolished by a mummy

Illustrated notes

Levels and vault maps discovered:
D:5:      layout_loops_corners, lightli_ossuary_entry_decrepit_ruins
Ossuary:  ossuary_due_small_catacomb

Skill      XL: |  1 |
---------------+----+-----
Axes           | 2 |  2.0
Dodging        | 2 |  2.0
Fighting       | |  3.1
Armour         | |  0.4
Stealth        | |  4.5

Action                   || total
-------------------------++-------
Melee: Hand axe          ||    22
  Use: Scroll            ||     1
       Potion            ||     1
 Stab: Sleeping          ||     3
Armor: Leather armour    ||     1
Dodge: Dodged            ||    11

Table legend: (Time is in decaauts)
 A = Elapsed time spent in this place.
 B = Non-inter-level travel time spent in this place.
 C = Inter-level travel time spent in this place.
 D = Time resting spent in this place.
 E = Time spent auto-exploring this place.
 F = Levels seen in this place.
 G = Mean time per level.
                   A        B        C        D        E       F      G
               +--------+--------+--------+--------+--------+-----+--------+
         Total |    426 |    426 |      0 |      0 |    236 |   2 |  213.0 |
       Dungeon |    394 |    394 |      0 |      0 |    226 |   1 |  394.0 |
       Ossuary |     32 |     32 |      0 |      0 |     10 |   1 |   32.0 |
               +--------+--------+--------+--------+--------+-----+--------+

Top non-repeatable levels by time:
     D:5: 394 daAuts
 Ossuary: 32 daAuts
